 Dungeon Crawl Stone Soup version 0.23-a0-61-g4bf3f6c (console) character file.

421 nht the Quickloader (level 6, -1/50 HPs)
             Began as a Minotaur Hunter on Aug 9, 2018.
             Slain by an orc
             ... wielding a +0 hand axe
              (7 damage)
             ... on level 4 of the Dungeon.
             The game lasted 00:03:47 (2693 turns).

nht the Quickloader (Minotaur Hunter)               Turns: 2693, Time: 00:03:47

Health: -1/50      AC:  4    Str: 19    XL:     6   Next: 62%
Magic:  5/5        EV: 12    Int:  8    God:
Gold:   172        SH:  0    Dex: 10    Spells: 5/5 levels left

rFire    . . .     SeeInvis .   d - +1 quarterstaff
rCold    . . .     Gourm    .   (shield currently unavailable)
rNeg     . . .     Faith    .   q - +1 leather armour {rPois}
rPois    +         Spirit   .   (helmet restricted)
rElec    .         Reflect  .   (no cloak)
rCorr    .         Harm     .   (no gloves)
MR       .....                  (no boots)
Stlth    +.........             h - amulet of rage
HPRegen  0.16/turn              (no ring)
MPRegen  0.09/turn              (no ring)

@: hasted, very quick
A: retaliatory headbutt, horns 2
a: Evoke Berserk Rage


You were on level 4 of the Dungeon.
You were not hungry.

You visited 1 branch of the dungeon, and saw 4 of its levels.

You collected 172 gold pieces.

Inventory:

Hand Weapons
 a - a +1 hand crossbow
 d - a +1 quarterstaff (weapon)
 t - a cursed -2 dagger
Missiles
 s - 6 bolts
Armour
 q - a +1 leather armour of poison resistance (worn)
Jewellery
 h - an amulet of rage (around neck)
 n - an uncursed ring of fire
Scrolls
 e - a scroll of enchant weapon
 g - a scroll of identify
 m - 2 scrolls of amnesia
Potions
 l - 2 potions of curing
 u - 2 potions of flight
Comestibles
 c - 7 chunks of flesh
 f - 5 rations


   Skills:
 - Level 2.4 Fighting
 + Level 8.8 Crossbows
 - Level 2.1 Dodging
 - Level 0.7 Stealth


You had 5 spell levels left.
You didn't know any spells.
Your spell library was empty.

Dungeon Overview and Level Annotations

Branches:
Dungeon (4/15)
 Temple: D:4-7

Altars:
Cheibriados
Yredelemnul


Innate Abilities, Weirdness & Mutations

You reflexively headbutt those who attack you in melee.
You have a pair of horns on your head.


Message History

You kill the orc!
The orc closely misses you.
You closely miss the orc. Your headbutt misses the orc.
The orc closely misses you. The orc hits you with a club. The orc hits you.
The orc priest hits you with a falchion.
* * * LOW HITPOINT WARNING * * *
The orc priest looks braver for a moment.
You closely miss the orc. Your headbutt misses the orc.
The orc hits you with a war axe.
* * * LOW HITPOINT WARNING * * *
Unknown command.
Okay, then.
The orc hits you but does no damage. The orc misses you.
You furiously retaliate!
You headbutt the orc.
Okay, then.
You aren't carrying any items that you can evoke.
You feel yourself speed up. The orc hits you with a hand axe.
* * * LOW HITPOINT WARNING * * *
The orc hits you with a hand axe!
You die...

....<........█)█ ...
..█.█..██....█.██ ..█
................█████.█
.....██......o........██.█
.....██........██.o.......
...............<.oo.......
█..██....(.....██o███.....
█.███......)...██o█ .....
..█ █..........o@.█ .....
..███..........████ .....o
...██..........█████.█..h.
...............█ho........
.............<.o.Z<.█
.............███h████
......████...> █.█ .....██
█.██.█.. ....██ █.█ .█..


You could see 6 orcs.

Vanquished Creatures
  A howler monkey (D:4)
  An orc priest (D:4)
  A centaur skeleton (D:4)
  Jessica (D:2)
  2 orc wizards (D:3)
  2 worker ants
  Robin (D:2)
  2 adders (D:3)
  2 oozes (D:1)
  2 worms (D:3)
  6 dart slugs
  5 leopard geckos
  21 orcs
  10 bats
  5 giant cockroaches
  12 goblins
  10 hobgoblins
  6 jackals
  3 quokkas
  4 ball pythons
  4 frilled lizards
  10 kobolds
  10 rats
  A spectral orc (D:3)
122 creatures vanquished.

Notes
Turn   | Place    | Note
-------+----------+-------------------------------------------
     0 | D:1      | nht the Minotaur Hunter began the quest for the Orb.
     0 | D:1      | Reached XP level 1. HP: 18/18 MP: 0/0
    96 | D:1      | Reached XP level 2. HP: 19/25 MP: 1/1
   106 | D:1      | Reached skill level 5 in Crossbows
   339 | D:1      | Reached XP level 3. HP: 25/30 MP: 2/2
   998 | D:2      | Reached skill level 6 in Crossbows
  1011 | D:2      | Reached XP level 4. HP: 37/37 MP: 3/3
  1411 | D:2      | Noticed Robin
  1433 | D:2      | Killed Robin
  1484 | D:2      | Noticed Jessica
  1485 | D:2      | Killed Jessica
  1485 | D:2      | Reached skill level 7 in Crossbows
  1485 | D:2      | Reached XP level 5. HP: 38/42 MP: 4/4
  1846 | D:3      | HP: 2/42 [orc wizard/dagger (2)]
  1905 | D:3      | Found a basalt altar of Yredelemnul.
  2005 | D:3      | Found a snail-covered altar of Cheibriados.
  2356 | D:3      | Reached skill level 8 in Crossbows
  2393 | D:4      | Reached XP level 6. HP: 50/50 MP: 5/5
  2693 | D:4      | Slain by an orc

Vault maps used:
D:1:      dpeg_arrival_stone_temple_mockup
D:2:      uniq_jessica, uniq_robin
D:3:      yredelemnul_forgotten_temple_becter, kennysheep_slug_shrine,
          first_ration, serial_park_tiny_1

Skill      XL: |  1  2  3  4  5 |
---------------+----------------+-----
Crossbows      | 5 6 7 8 |  8.8
Fighting       | |  2.4
Dodging        | |  2.1
Stealth        | |  0.7

Action                   |  1- 3 |  4- 6 || total
-------------------------+-------+-------++-------
Melee: Quarterstaff      |       |   144 ||   144
       Headbutt          |       |    20 ||    20
 Fire: Hand crossbow     |    99 |    22 ||   121
  Use: Potion            |       |     5 ||     5
       Scroll            |       |    12 ||    12
  Eat: Chunk             |       |     6 ||     6
Armor: Leather armour    |     7 |    53 ||    60
Dodge: Dodged            |    17 |   159 ||   176

Table legend:
 A = Non-vault XP
 B = Vault XP
 C = Vault XP percentage of total XP
 D = Non-vault monster count
 E = Vault monster count
 F = Vault count percentage of total count
 G = Total turns spent on level
                 A         B        C        D         E       F
            +---------+---------+-------+---------+---------+-------
      Total |     522 |      80 |  13.3 |     106 |      16 |  13.1
            +---------+---------+-------+---------+---------+-------
        D:1 |      64 |       0 |   0.0 |      31 |       0 |   0.0
        D:2 |      68 |      75 |  52.4 |      21 |      14 |  40.0
        D:3 |     176 |       5 |   2.8 |      34 |       2 |   5.6
        D:4 |     214 |       0 |   0.0 |      20 |       0 |   0.0
            +---------+---------+-------+---------+---------+-------
